 Dungeon Crawl Stone Soup version 0.27.1-37-g7b29ead8ac (webtiles) character file.

Game seed: 13575684491532729172

102120 AarnesTheHuman the Impaler (level 16, -6/124 (138) HPs)
             Began as a Merfolk Gladiator on Dec 6, 2023.
             Was the Champion of Ru.
             Mangled by a sun demon (14 damage)
             ... summoned by Frances
             ... on level 2 of the Lair of Beasts on Dec 8, 2023.
             The game lasted 01:15:37 (45319 turns).

AarnesTheHuman the Impaler (Merfolk Gladiator)     Turns: 45319, Time: 01:15:37

HP:   -6/124 (138)  AC: 15    Str: 18    XL:     16   Next: 32%
MP:   0/16          EV: 13    Int: 15    God:    Ru [******]
Gold: 2434          SH:  0    Dex: 10    Spells: 15/15 levels left

rFire    x . .     SeeInvis .   a - +7 bardiche "Eviscerator" {vorpal, +Rage Int+3 Dex-3}
rCold    + . .     Faith    .   (shield currently unavailable)
rNeg     . . .     Spirit   +   P - +4 scale mail {Will+}
rPois    +         Reflect  .   t - +0 helmet
rElec    .         Harm     .   x - +0 cloak
rCorr    +         Rampage  +   k - +0 pair of gloves of Lust {rPois rCorr Int+5 Dex-4}
Will     ++...                  E - +2 pair of boots {rampage}
Stlth    ..........             m - amulet of guardian spirit
HPRegen  0.30/turn              p - +4 ring of protection
MPRegen  0.15/turn              X - ring of ice

@: marked, unable to drink, very slightly contaminated, heavily drained,
invisible
A: no potions, weak 1, inability to drink while threatened, no stealth,
inability to train armour, no necromancy magic, no poison magic, no
transmutations magic, reduced AC 1, missing an eye, (nimble swimmer 2), mertail,
sense surroundings 1
a: Renounce Religion, Evoke Berserk Rage, Draw Out Power, Power Leap, Apocalypse


You were on level 2 of the Lair of Beasts.
You worshipped Ru.
Ru was exalted by your worship.
You visited 5 branches of the dungeon, and saw 25 of its levels.
You also visited: Volcano.

You collected 2978 gold pieces.
You spent 544 gold pieces at shops.

Inventory:

Hand Weapons
 a - the +7 bardiche "Eviscerator" (weapon) {vorpal, +Rage Int+3 Dex-3}
   (You acquired it on level 6 of the Lair of Beasts)

   It inflicts extra damage upon your enemies.
   Int:       It affects your intelligence (+3).
   Dex:       It affects your dexterity (-3).
   +Rage:     It lets you go berserk.
 b - a +0 spear of venom
Missiles
 d - 5 throwing nets
 n - 157 poisoned darts
 o - 8 silver javelins
 u - 3 curare-tipped darts
 y - 25 boomerangs (quivered)
 Z - 7 javelins
Armour
 k - the +0 pair of gloves of Lust (worn) {rPois rCorr Int+5 Dex-4}
   (You bought it in a shop on level 2 of the Orcish Mines)

   Int:       It affects your intelligence (+5).
   Dex:       It affects your dexterity (-4).
   rPois:     It protects you from poison.
   rCorr:     It protects you from acid and corrosion.
 t - a +0 helmet (worn)
 x - a +0 cloak (worn)
 E - a +2 pair of boots of rampaging (worn)
 P - a +4 scale mail of willpower (worn)
Magical Staves
 I - a staff of death
Jewellery
 f - a +6 ring of dexterity
 g - a ring of resist corrosion
 h - a +4 ring of protection
 i - a ring of see invisible
 m - an amulet of guardian spirit (around neck)
 p - a +4 ring of protection (left hand)
 C - a ring of poison resistance
 D - a ring of fire
 G - a +6 ring of intelligence
 L - a ring of flight
 M - a ring of fire
 T - a +4 ring of evasion
 X - a ring of ice (right hand)
Wands
 c - a wand of charming (6)
 F - a wand of digging (4)
 H - a wand of flame (20)
 K - a wand of iceblast (17)
 N - a wand of acid (20)
 Q - a wand of paralysis (24)
 R - a wand of polymorph (26)
Scrolls
 l - 5 scrolls of teleportation
 w - a scroll of blinking
 z - 3 scrolls of identify
Potions
 e - 3 potions of ambrosia
 j - 3 potions of attraction
 q - 6 potions of mutation
 r - 4 potions of haste
 v - 6 potions of curing
 A - a potion of invisibility
 B - a potion of might
 O - 3 potions of flight
 S - 3 potions of cancellation
 V - 2 potions of magic
 Y - 5 potions of lignification
Miscellaneous
 s - a tin of tremorstones (2/2)
 J - a phantom mirror


   Skills:
 + Level 16.0 Fighting
 + Level 20.0 Polearms
 + Level 11.0 Throwing
 + Level 13.0 Dodging
 - Level 10.0 Evocations


You had 15 spell levels left.
You didn't know any spells.
Your spell library contained the following spells:

 Spells                   Type           Power      Damage    Failure   Level
 Magic Dart               Conj           0%         1d3       67%         1
 Shock                    Conj/Air       0%         1d3       67%         1
 Summon Small Mammal      Summ           0%         N/A       67%         1
 Searing Ray              Conj           0%         3d3       80%         2
 Slow                     Hex            0%         N/A       80%         2
 Call Canine Familiar     Summ           0%         N/A       95%         3
 Confusing Touch          Hex            0%         N/A       95%         3
 Dazzling Flash           Conj/Hex       0%         N/A       95%         3
 Portal Projectile        Hex/Tloc       0%         N/A       95%         3
 Summon Guardian Golem    Hex/Summ       0%         N/A       95%         3
 Swiftness                Air            0%         N/A       95%         3
 Airstrike                Air            0%         N/A       100%        4
 Fulminant Prism          Conj/Hex       0%         3d6       100%        4
 Iskenderun's Mystic Bla  Conj/Tloc      0%         2d3       100%        4
 Leda's Liquefaction      Hex/Erth       0%         N/A       100%        4
 Summon Lightning Spire   Summ/Air       0%         N/A       100%        4
 Lightning Bolt           Conj/Air       0%         1d11      100%        5
 Silence                  Hex/Air        0%         N/A       100%        5
 Starburst                Conj/Fire      0%         6d3       100%        6
 Summon Hydra             Summ           0%         N/A       100%        7
 Sting                    Tmut/Pois      Unusable   1d3       N/A         1
 Poisonous Vapours        Pois/Air       Unusable   N/A       N/A         2
 Sublimation of Blood     Necr           Unusable   N/A       N/A         2
 Wereblood                Tmut           Unusable   N/A       N/A         2
 Vampiric Draining        Necr           Unusable   2d6       N/A         3
 Animate Dead             Necr           Unusable   N/A       N/A         4
 Olgreb's Toxic Radiance  Pois           Unusable   N/A       N/A         4
 Agony                    Necr           Unusable   N/A       N/A         5
 Borgnjor's Vile Clutch   Necr/Erth      Unusable   N/A       N/A         5
 Death Channel            Necr           Unusable   N/A       N/A         6

Dungeon Overview and Level Annotations

Branches:
Dungeon (15/15)            Temple (1/1) D:7            Lair (6/6) D:9
 Shoals (0/4) Lair:4        Snake (1/4) Lair:2        Slime (0/5) Lair:6
    Orc (2/2) D:11            Elf (0/3) Orc:2        Vaults (0/5) D:14
 Depths (0/5) D:15        Volcano (visited)

Altars:
Ashenzari
Cheibriados
Dithmenos
Elyvilon
Fedhas
Gozag
Hepliaklqana
Kikubaaqudgha
Makhleb
Nemelex Xobeh
Okawaru
Qazlal
Ru
Sif Muna
Trog
Uskayaw
Vehumet
Wu Jian
Xom
Yredelemnul
Zin
The Shining One
Lugonu

Shops:
D:8 [   Orc:2 [![**

Portals:
Abyss: Lair:3

Annotations:
D:2 exclusion: 2 downstairs
D:4 exclusion: downstairs
D:7 exclusion: 3 doors
D:11 exclusion: downstairs
D:12 exclusion: downstairs
Lair:2 Frances
Lair:3 exclusion: downstairs


Innate Abilities, Weirdness & Mutations

You cannot drink.
You are weak. (Str -2)
You sometimes lose the ability to drink potions when taking damage.
You cannot be stealthy.
You cannot train Armour skill.
You cannot study or cast Necromancy magic.
You cannot study or cast Poison magic.
You cannot study or cast Transmutations magic.
You take slightly more damage. (AC -5)
You are missing an eye, making it more difficult to aim.
((You are quick and stealthy near water. (Stealth+, EV+, Speed+++)))
Your lower body shifts to a powerful aquatic tail in water.
You passively map a small area around you.


Message History

The ufetubus hits you but does no damage. x2
The ufetubus closely misses you. The ufetubus barely misses you.
The ufetubus closely misses you.
The ufetubus hits you but does no damage.
You redirect the ynoxinul's attack!
Frances begins to cast a spell, but is stunned by your conviction!
The chaos spawn gores you.
* * * LOW HITPOINT WARNING * * *
You feel your power leaking away.
The sun demon hits you but does no damage.
The ufetubus completely misses you. The ufetubus closely misses you. x2
The ufetubus hits you but does no damage.
The ufetubus misses you. The ufetubus closely misses you.
You barely miss Frances.
Frances is almost dead.
The sun demon is no longer moving slowly.
The ynoxinul gestures.
Frances is stunned by your conviction and fails to attack.
The ufetubus hits you but does no damage. x3
The ufetubus barely misses you.
The ufetubus hits you but does no damage.
The ufetubus closely misses you. The chaos spawn gores you!
* * * LOW HITPOINT WARNING * * *
You fade into invisibility!
You are very lightly contaminated with residual magic.
You closely miss Frances.
Frances is almost dead.
Frances is no longer blind.
Frances hits you with a +0 halberd!
* * * LOW HITPOINT WARNING * * *
You focus your inner power and illuminate Frances in retribution!
The ufetubus barely misses you. The ufetubus completely misses you.
The sun demon hits you but does no damage.
The ufetubus barely misses you. x2; The ufetubus closely misses you.
The ufetubus barely misses you.
The ynoxinul begins to attack, but is stunned by your conviction!
Frances barely misses you.
The chaos spawn gores you but does no damage.
The ufetubus hits you but does no damage.
The ufetubus closely misses you. The sun demon hits you!
You die...

....### ###..## #...##
.....# ##...# #..## .....#
#....## #...## .##..##
###...# ##...# .P##..#
#...###...## .####.#
##..#....## ### ## #####
#.......# ##.# #
#.#####..5....#####..# #
###..#....5@5.........#
######P........3@4#........#
.#.#.......#...53###.P.....#
##....##.#####.5####..###..#
#..##.#### ##....##...#
#..## ...####
#.#...##...####..## ...#####
##...####....###..#
...##..## #..## ##.......##
......#.#####..## #.......#


You could see Frances (fast, corona), a sun demon (summoned), a ynoxinul
(summoned), a chaos spawn (summoned) and 5 ufetubi.

Vanquished Creatures
  Kirke (Lair:3)
  Roxanne (Snake:1)
  A stone giant (Volcano)
  A vampire knight (D:13)
  An ettin (D:12)
  A fire dragon (D:14)
  Josephine (Orc:1)
  Harold (D:11)
  Fannar (D:11)
  2 ice dragons (D:15)
  5 boulder beetles
  2 ogre magi
  6 hydras
  2 death knights (D:15)
  5 centaur warriors
  6 two-headed ogres
  A catoblepas (D:15)
  An anaconda (Snake:1)
  A shock serpent (Lair:2)
  A tengu warrior (D:13)
  Urug (D:10)
  4 orc high priests
  Sonja (Lair:1)
  Nergalle (Lair:2)
  2 fire crabs
  6 skeletal warriors (D:15)
  Pikel (D:9)
  2 orc sorcerers
  A deep elf pyromancer (D:14)
  A harpy (shapeshifter) (D:13)
  An orc knight (D:14)
  2 mana vipers (Snake:1)
  2 manticores (D:11)
  16 ugly things
  4 cyclopes
  5 elephants
  2 salamanders (Snake:1)
  Maurice (D:8)
  A torpor snail (Lair:6)
  13 black mambas
  9 cane toads
  3 rime drakes
  An unseen horror (D:11)
  Maggie (D:10)
  A freezing wraith (D:12)
  An unseen horror (shapeshifter) (D:13)
  4 komodo dragons
  2 efreet
  4 yaktaurs (D:14)
  2 kobold demonologists (D:14)
  A tengu conjurer (D:14)
  A troll (shapeshifter) (D:13)
  8 trolls
  Grinder (D:3)
  5 polar bears
  5 hornets
  10 blink frogs
  2 dream sheep (Lair:6)
  12 spriggans (Lair:6)
  A shadow (D:11)
  5 wyverns
  Grum (D:11)
  41 yaks
  A vampire (D:13)
  A basilisk (Lair:4)
  4 fire elementals (Volcano)
  7 wraiths
  A hog (Lair:4)
  6 vampire mosquitoes
  5 wargs
  3 nagas
  3 acid dragons
  21 water moccasins
  A meliai simulacrum (D:15)
  6 black bears
  5 sky beasts
  24 orc warriors
  6 boggarts
  10 ogres
  4 necrophages
  46 wolves
  A phantom (D:6)
  13 centaurs
  3 lemures (D:9)
  5 kobold brigands
  18 bullfrogs
  3 wyvern zombies
  2 gnoll sergeants (D:9)
  2 scorpions
  An earth elemental (Volcano)
  A wyvern skeleton (D:7)
  4 killer bees
  8 wights
  2 howler monkeys (D:11)
  3 electric eels
  A lava snake (Lair:6)
  13 centaur zombies
  28 orc priests
  8 hounds
  2 jellies (D:7)
  A human zombie (D:9)
  3 bullfrog skeletons (D:5)
  4 gnoll shamans
  2 iguanas
  35 orc wizards
  A hound skeleton (D:2)
  A howler monkey zombie (D:9)
  Robin (D:2)
  23 gnolls
  6 adders
  A shadow imp (D:6)
  A white imp (D:7)
  3 worms
  5 dart slugs
  61 orcs
  6 bats
  8 endoplasms
  3 giant cockroaches
  10 hobgoblins
  4 jackals (D:1)
  8 ball pythons
  2 frilled lizards (D:1)
  15 goblins
  17 kobolds
  5 rats
727 creatures vanquished.

Vanquished Creatures (others)
  A skeletal warrior (D:15)
  A phantasmal warrior (D:15)
  An ugly thing (D:15)
  A cane toad (Lair:6)
  A polar bear (Lair:6)
  2 humans (Lair:4)
  2 yaks (Lair:6)
  An ogre (D:14)
  An orc (Orc:1)
  A kobold (D:14)
  60 fungi
  2 lurking horrors (Lair:3)
  69 plants
143 creatures vanquished.

Grand Total: 870 creatures vanquished

Notes
Turn   | Place    | Note
-------+----------+-------------------------------------------
     0 | D:1      | AarnesTheHuman the Merfolk Gladiator began the quest for
                  | the Orb.
     0 | D:1      | Reached XP level 1. HP: 16/16 MP: 1/1
    87 | D:1      | Reached XP level 2. HP: 23/23 MP: 2/2
   452 | D:1      | Reached skill level 5 in Polearms
   455 | D:1      | Reached XP level 3. HP: 24/28 MP: 3/3
  1309 | D:2      | Reached XP level 4. HP: 35/35 MP: 4/4
  1435 | D:2      | Noticed Robin
  1464 | D:2      | Reached skill level 5 in Dodging
  1472 | D:2      | Killed Robin
  1785 | D:2      | Found a faded altar of an unknown god.
  1813 | D:3      | Noticed Grinder
  1999 | D:2      | Reached XP level 5. HP: 37/41 MP: 5/5
  2127 | D:3      | Noticed an ogre
  2152 | D:4      | Reached skill level 6 in Polearms
  2990 | D:4      | Reached XP level 6. HP: 31/48 MP: 6/6
  3571 | D:5      | Entered Level 5 of the Dungeon
  4134 | D:4      | Reached skill level 7 in Polearms
  4536 | D:4      | Reached skill level 5 in Fighting
  4701 | D:5      | Reached XP level 7. HP: 25/56 MP: 7/7
  5422 | D:5      | Reached skill level 8 in Polearms
  5794 | D:6      | Noticed a yak
  5794 | D:6      | Noticed a yak
  5794 | D:6      | Noticed a yak
  5794 | D:6      | Noticed a yak
  5794 | D:6      | Noticed a yak
  5794 | D:6      | Noticed a yak
  5876 | D:4      | Killed a yak
  5877 | D:4      | Reached skill level 9 in Polearms
  6013 | D:4      | Killed a yak
  6014 | D:4      | Reached XP level 8. HP: 24/67 MP: 8/8
  6477 | D:6      | Reached skill level 10 in Polearms
  6544 | D:6      | Killed a yak
  6549 | D:6      | Killed a yak
  6550 | D:6      | Reached skill level 11 in Polearms
  6550 | D:6      | Reached skill level 1 in Armour
  6557 | D:6      | Killed a yak
  6572 | D:6      | Killed a yak
  6573 | D:6      | Reached XP level 9. HP: 30/74 MP: 9/9
  6808 | D:6      | Found an opulent altar of Gozag.
  8199 | D:7      | Found a staircase to the Ecumenical Temple.
  8212 | Temple   | Entered the Ecumenical Temple
  8271 | Temple   | Became a worshipper of Ru the Awakened
  8580 | D:7      | Found a hide-covered altar of Uskayaw.
  8580 | D:7      | Found a shimmering blue altar of Sif Muna.
  8581 | D:7      | Found a white marble altar of Elyvilon.
  8597 | D:7      | Reached skill level 12 in Polearms
  8715 | D:7      | Reached skill level 10 in Fighting
  8903 | D:7      | Found a shadowy altar of Dithmenos.
  8980 | D:7      | Reached XP level 10. HP: 85/85 MP: 10/10
  9354 | D:8      | Noticed a boulder beetle
  9372 | D:8      | Killed a boulder beetle
  9373 | D:8      | Reached skill level 13 in Polearms
  9605 | D:8      | Found a stormy altar of Qazlal.
  9607 | D:8      | Noticed Maurice
  9658 | D:8      | Killed Maurice
  9879 | D:8      | Found Sipp's Armour Shop.
  9887 | D:8      | Bought a +1 scale mail of willpower for 240 gold pieces
 10530 | D:9      | Paralysed by a hornet for 2 turns
 10738 | D:9      | Reached skill level 5 in Armour
 10761 | D:9      | Reached XP level 11. HP: 78/93 MP: 9/11
 10761 | D:9      | Gained mutation: You take slightly more damage. (AC -5) [Ru
                  | sacrifice]
 10761 | D:9      | Reached * piety under Ru
 11009 | D:9      | Found a staircase to the Lair.
 11635 | D:9      | Found a hazy altar of Hepliaklqana.
 11946 | D:9      | Reached skill level 1 in Evocations
 12148 | D:9      | Noticed Pikel
 12168 | D:9      | Killed Pikel
 12668 | D:9      | Found a blossoming altar of Fedhas.
 12936 | D:9      | Found an ancient bone altar of Kikubaaqudgha.
 13069 | Lair:1   | Entered Level 1 of the Lair of Beasts
 13191 | Lair:1   | Reached skill level 14 in Polearms
 13445 | Lair:1   | Reached skill level 10 in Dodging
 13963 | Lair:1   | Noticed Sonja
 13970 | Lair:1   | Killed Sonja
 14781 | Lair:2   | Reached XP level 12. HP: 84/102 MP: 10/12
 16037 | Lair:2   | Noticed Nergalle
 16062 | Lair:2   | Killed Nergalle
 16063 | Lair:2   | Reached skill level 15 in Polearms
 16063 | Lair:2   | Reached skill level 5 in Evocations
 16064 | Lair:2   | Gained mutation: You are weak. (Str -2) [Ru sacrifice]
 16064 | Lair:2   | Reached ** piety under Ru
 16311 | Lair:2   | Found a staircase to the Snake Pit.
 16590 | Lair:2   | Found a transporter.
 16592 | Lair:2   | Found a transporter.
 16706 | Lair:2   | Noticed a boulder beetle
 16707 | Lair:2   | Noticed a boulder beetle
 16795 | Lair:2   | Noticed an eight-headed hydra
 16801 | Lair:2   | Killed an eight-headed hydra
 17956 | Lair:3   | Found a one-way gate to the infinite horrors of the Abyss.
 18240 | Lair:3   | Found a corrupted altar of Lugonu.
 19019 | Lair:4   | Noticed Kirke
 19030 | Lair:4   | Reached skill level 16 in Polearms
 19617 | Lair:3   | Killed Kirke
 20201 | Lair:4   | Reached XP level 13. HP: 104/111 MP: 11/13
 20235 | Lair:4   | Found a staircase to the Shoals.
 21252 | Lair:5   | You fall into a shaft and drop 1 floor!
 21252 | Lair:6   | Entered Level 6 of the Lair of Beasts
 21686 | Lair:6   | Gained mutation: You are missing an eye, making it more
                  | difficult to aim. [Ru sacrifice]
 21686 | Lair:6   | Reached *** piety under Ru
 22454 | Lair:6   | HP: 4/111 [fire crab] (17)]
 22893 | Lair:6   | Found a staircase to the Slime Pits.
 23107 | Lair:6   | HP: 3/113 [torpor snail (6)]
 24398 | Lair:6   | Identified a scroll of acquirement
 24398 | Lair:6   | Acquired the +7 bardiche "Eviscerator" {vorpal, +Rage Int+3
                  | Dex-3}
 24874 | Lair:6   | Paralysed by a hornet for 2 turns
 26477 | Lair:6   | Reached XP level 14. HP: 99/121 MP: 10/14
 26490 | Lair:6   | Paralysed by a hornet for 2 turns
 27148 | Lair:6   | Gained mutation: You cannot study or cast Poison magic. [Ru
                  | sacrifice]
 27148 | Lair:6   | Gained mutation: You cannot study or cast Transmutations
                  | magic. [Ru sacrifice]
 27148 | Lair:6   | Gained mutation: You cannot study or cast Necromancy magic.
                  | [Ru sacrifice]
 27148 | Lair:6   | Reached **** piety under Ru
 28551 | D:3      | Killed Grinder
 29070 | D:10     | Entered Level 10 of the Dungeon
 29124 | D:10     | Noticed Maggie
 29129 | D:10     | Killed Maggie
 29678 | D:10     | Noticed Urug
 29687 | D:10     | Killed Urug
 30312 | D:11     | Reached skill level 15 in Fighting
 30312 | D:11     | Reached skill level 17 in Polearms
 30539 | D:11     | Noticed Harold
 30544 | D:11     | Killed Harold
 30915 | D:11     | Noticed Fannar
 30923 | D:11     | Killed Fannar
 30924 | D:11     | Reached skill level 5 in Throwing
 31351 | D:11     | Noticed Grum
 31369 | D:11     | Killed Grum
 31526 | D:11     | Found a staircase to the Orcish Mines.
 32591 | Orc:1    | Entered Level 1 of the Orcish Mines
 32622 | Orc:1    | Gained mutation: You cannot be stealthy. [Ru sacrifice]
 32673 | Orc:1    | Found a dark tunnel.
 32685 | Volcano  | Entered a volcano
 32713 | Volcano  | Noticed a stone giant
 32730 | Volcano  | Killed a stone giant
 33485 | Orc:1    | You fall into a shaft and drop 1 floor!
 33485 | Orc:2    | Entered Level 2 of the Orcish Mines
 33485 | Orc:2    | Found Agabb's Antique Armour Emporium.
 33747 | Orc:1    | Noticed Josephine
 33755 | Orc:1    | Killed Josephine
 33926 | Orc:2    | Bought a pair of jewelled gloves for 304 gold pieces
 33926 | Orc:2    | Identified the +0 pair of gloves of Lust {rPois rCorr Int+5
                  | Dex-4} (You bought it in a shop on level 2 of the Orcish
                  | Mines)
 34972 | Orc:2    | Found a staircase to the Elven Halls.
 34987 | Orc:2    | Identified the +6 whip "Pino" {vorpal, Str-3 Int+4 Dex+3
                  | SInv}
 35003 | Orc:2    | Reached XP level 15. HP: 99/129 MP: 12/15
 35114 | Orc:2    | Found Qunuaq's Distillery.
 35114 | Orc:2    | Found Lepishre's Assorted Antiques.
 35114 | Orc:2    | Found Ychayr's Armour Boutique.
 35120 | Orc:2    | Found Oqat's Assorted Antiques.
 35149 | Orc:2    | Reached skill level 18 in Polearms
 35568 | Orc:2    | Gained mutation: You passively map a small area around you.
                  | [a neqoxec]
 35571 | Orc:2    | Gained mutation: You cannot train Armour skill. [Ru
                  | sacrifice]
 35571 | Orc:2    | Reached ***** piety under Ru
 35716 | Orc:2    | Found a burning altar of Makhleb.
 36569 | D:13     | Reached skill level 19 in Polearms
 37475 | D:13     | Identified the +11 war axe "Uxeif" {drain, Fly Int+7 Dex+2
                  | SInv}
 38275 | D:14     | Found a shimmering blue altar of Sif Muna.
 38429 | D:14     | Found a gate to the Vaults.
 38727 | D:14     | HP: 6/120 [orc (5)]
 38730 | D:14     | HP: 1/120 [white ugly thing[a boggart] (19)]
 39725 | D:15     | Entered Level 15 of the Dungeon
 41389 | D:15     | Reached skill level 10 in Evocations
 41531 | D:15     | Found a staircase to the Depths.
 41859 | D:15     | Gained mutation: You sometimes lose the ability to drink
                  | potions when taking damage. [Ru sacrifice]
 41859 | D:15     | Reached ****** piety under Ru
 42336 | D:15     | Reached XP level 16. HP: 67/137 MP: 10/16
 42430 | D:15     | Reached skill level 20 in Polearms
 44030 | Snake:1  | Entered Level 1 of the Snake Pit
 44030 | Snake:1  | Identified Roxanne's Compendium of Transformation
 44030 | Snake:1  | Noticed Roxanne
 44039 | Snake:1  | Noticed Frances
 44042 | Lair:2   | Reached skill level 10 in Throwing
 44730 | Snake:1  | Killed Roxanne
 45319 | Lair:2   | Mangled by a sun demon

Illustrated notes

Levels and vault maps discovered:
D:1:      amcnicky_arrival_underground_garden, layout_basic
D:2:      layout_loops_cross, shapermc_ecumenical_altar_mp_vishouse, uniq_robin
D:3:      layout_loops_corners, uniq_grinder
D:4:      layout_gridville, kennysheep_doodads
D:5:      layout_layer_cave
D:6:      layout_loops_ring, grunt_gozag_statues
D:7:      layout_loops_ring, lemuel_doored_altar,
          chequers_temple_overflow_statue_of_worship,
          minmay_temple_entry_stoned_glass, serial_bayou_pond_a,
          kennysheep_donut, kennysheep_generic_room_7
D:8:      layout_loops_ring, nicolae_qazlal_general_emergency, serial_shops,
          shop, uniq_maurice
D:9:      layout_long_grid, lemuel_mausoleum_altar_kikubaaqudgha,
          lemuel_coloured_pillars_altar, mainiacjoe_overflow_brackets,
          erik_lair_island, kennysheep_cluttered_room, minmay_circle_x,
          uniq_pikel
D:10:     layout_basic, uniq_urug, uniq_maggie
D:11:     layout_loops_ring, david_orc_4, uniq_harold, uniq_fannar, uniq_grum
D:12:     layout_loops_ring
D:13:     minmay_mutant_horseshoe, layout_loops_ring
D:14:     layout_roguey, hangedman_vaults_entry_quadrant_bands,
          nicolae_sif_muna_condensation
D:15:     grunt_enter_depths_hoard, layout_basic
Temple:   cyrus_circular_temple
Lair:1:   layout_roguey, grunt_megastairs_4, serial_bayou_shore_a, uniq_sonja
Lair:2:   gammafunk_boulding_lane, layout_misc_corridors,
          minmay_snake_entry_six_corridors, serial_bayou_crossing, uniq_nergalle
Lair:3:   beast_lair_carwin_large_3, layout_misc_corridors,
          amcnicky_altar_lugonu_corruption
Lair:4:   layout_cellular_growth, minmay_shoals_entry_centaurs,
          grunt_megastairs_1, uniq_kirke
Lair:5:   layout_roguey, infiniplex_staircase_pool_2
Lair:6:   minmay_lair_end_enchanted_forest, layout_gridlike, slime_dummy,
          chequers_serial_rivers_small_b, lemuel_fruit_tree,
          infiniplex_staircase_pool
Snake:1:  layout_rooms, serial_curves, eino_curves_04, eino_curves_02,
          nicolae_snake_storage_room, uniq_frances, uniq_roxanne
Orc:1:    layout_caves, enter_volcano_2, mumra_transporter_accident,
          uniq_josephine
Orc:2:    st_orc_mages, layout_caves, serial_shops, nicolae_shop_trees,
          bloody_makhleb

Skill      XL: |  1  2  3  4  5  6  7  8  9 10 11 12 13 14 15 16 |
---------------+-------------------------------------------------+-----
Polearms       | 5 6 7 9 11 12 13 14 16 17 19 20 | 20.0
Fighting       | 3 4 5 7 8 10 11 12 13 14 15 16 | 16.0
Dodging        | 5 6 8 10 11 12 13 | 13.0
Armour         | 2 5 7 0 |  0.0
Throwing       | 3 8 9 11 | 11.0
Evocations     | 4 7 8 9 10 | 10.0

Action                   |  1- 3 |  4- 6 |  7- 9 | 10-12 | 13-15 | 16-18 || total
-------------------------+-------+-------+-------+-------+-------+-------++-------
Melee: Trident           |    94 |   221 |    19 |       |       |       ||   334
       Halberd           |       |       |   291 |   339 |       |       ||   630
       Dagger            |       |       |       |    20 |       |       ||    20
       Spear             |       |       |       |   671 |   268 |       ||   939
       Glaive            |       |       |       |   142 |   162 |       ||   304
       Tailslap          |       |       |       |     5 |     7 |       ||    12
       Bardiche          |       |       |       |       |  1173 |    99 ||  1272
Throw: Dart              |       |     4 |     1 |    11 |     9 |       ||    25
       Throwing net      |       |       |       |     2 |     2 |       ||     4
       Boomerang         |       |       |       |       |    61 |    31 ||    92
       Javelin           |       |       |       |       |    28 |       ||    28
Invok: Sacrifice Health  |       |       |       |     1 |       |       ||     1
       Sacrifice Purity  |       |       |       |     1 |       |       ||     1
       Draw Out Power    |       |       |       |       |    10 |     1 ||    11
       Sacrifice an Eye  |       |       |       |       |     1 |       ||     1
       Sacrifice Stealth |       |       |       |       |     1 |       ||     1
       Sacrifice Arcana  |       |       |       |       |     1 |       ||     1
       Sacrifice Drink   |       |       |       |       |     1 |       ||     1
       Sacrifice Durabil |       |       |       |       |     1 |       ||     1
       Apocalypse        |       |       |       |       |       |     2 ||     2
Evoke: Wand              |       |       |       |    16 |    35 |       ||    51
  Use: Scroll            |       |     9 |     4 |     8 |    19 |     1 ||    41
       Potion            |       |       |       |     1 |     5 |     1 ||     7
 Stab: Sleeping          |     3 |       |       |       |       |       ||     3
       Distracted        |       |       |     1 |     1 |     2 |     1 ||     5
       Held in net/web   |       |       |       |     1 |       |       ||     1
       Paralysed         |       |       |       |     5 |    22 |     8 ||    35
       Invisible         |       |       |       |       |    25 |     4 ||    29
Armor: Leather armour    |    18 |       |       |       |       |       ||    18
       Chain mail        |    12 |   119 |   139 |    25 |       |       ||   295
       Scale mail        |       |       |       |   267 |   728 |    67 ||  1062
Dodge: Dodged            |    38 |    69 |    98 |   549 |  1115 |    74 ||  1943
